 Dungeon Crawl Stone Soup version 0.21-a0-349-g0c35859 (webtiles) character file.

3194 Monsterracer the Cleaver (level 9, 0/83 HPs)
             Began as a Hill Orc Berserker on Oct 7, 2017.
             Was a Priest of Trog.
             Slain by a death yak (19 damage)
             ... on level 8 of the Dungeon.
             The game lasted 00:06:38 (5955 turns).

Monsterracer the Cleaver (Hill Orc Berserker)       Turns: 5955, Time: 00:06:39

Health: 0/83       AC: 13    Str: 23    XL:     9   Next: 96%
Magic:  0/9        EV:  9    Int:  7    God:    Trog [***...]
Gold:   146        SH:  0    Dex: 15    Spells: 8/8 levels left

rFire    . . .     SeeInvis .   a - +0 battleaxe
rCold    . . .     Gourm    .   (shield currently unavailable)
rNeg     . . .     Faith    .   k - +1 chain mail
rPois    .         Spirit   +   (no helmet)
rElec    .         Reflect  .   (no cloak)
rCorr    .         Harm     .   (no gloves)
MR       +....                  (no boots)
Stlth    ..........             r - amulet of guardian spirit
HPRegen  0.23/turn              f - +5 ring of dexterity
MPRegen  0.11/turn              o - ring of protection from magic

@: berserk cooldown, slowed, very slow
A: yellow scales 1, blink, evolution 1
a: Blink, Berserk, Trog's Hand, Burn Spellbooks, Renounce Religion


You were on level 8 of the Dungeon.
You worshipped Trog.
Trog was most pleased with you.
You were very hungry.

You visited 1 branch of the dungeon, and saw 8 of its levels.

You collected 396 gold pieces.
You spent 250 gold pieces at shops.

Inventory:

Hand Weapons
 a - a +0 battleaxe (weapon)
 b - a +2 whip of electrocution
Armour
 k - a +1 chain mail (worn)
Jewellery
 e - an uncursed ring of protection from cold
 f - a +5 ring of dexterity (left hand)
 n - an uncursed ring of flight
 o - a ring of protection from magic (right hand)
 r - an amulet of guardian spirit (around neck)
Scrolls
 p - a scroll of fog
 q - 3 scrolls of identify
Potions
 d - 2 potions of flight
 h - a potion of cancellation
 i - a potion of brilliance
 l - a potion of lignification
 m - 3 potions of might
Comestibles
 c - 3 bread rations
 g - 2 royal jellies
 j - 2 fruits


   Skills:
 + Level 9.0 Fighting
 * Level 12.7 Axes
 + Level 7.7 Armour
 - Level 1.5 Dodging


You had 8 spell levels left.
You didn't know any spells.

Dungeon Overview and Level Annotations

Branches:
Dungeon (8/15)             Temple (0/1) D:5
   Lair: D:8-11

Altars:
Ashenzari
Cheibriados
Dithmenos
Makhleb
Trog
Uskayaw

Shops:
D:5 =


Innate Abilities, Weirdness & Mutations

You are partially covered in yellow scales. (AC +2)
You can translocate small distances at will.
You evolve.


Message History

You slash the death yak!
The death yak is severely wounded.
The death yak gores you!!
* * * LOW HITPOINT WARNING * * *
Huge Dmg: -13%(-17hp) hp: 31%(37hp)
You hit the death yak.
The death yak is severely wounded.
Your chain mail prevents you from hitting the death yak.
The death yak is severely wounded.
The death yak closely misses you.
You slash the death yak!
The death yak is almost dead.
The death yak barely misses you.
You slash the death yak!
You kill the death yak!
Trog accepts your kill.
Your Fighting skill increases to level 9!
You are no longer berserk.
You are exhausted.
You feel yourself slow down.
Huge Dmg: -14%(-12hp) hp: 32%(26hp)
Okay, then.
Okay, then.
The death yak gores you!
* * * LOW HITPOINT WARNING * * *
Huge Dmg: -11%(-9hp) hp: 22%(18hp) Unknown command.
The death yak gores you!!
* * * LOW MAGIC WARNING * * *
You die...

....###...##....##
..........†'.....#
.......#####Y....#
......#######....#
.#....#.....#.Y..#
.#....#.###.#..Y.#
.######.#†#.####Y#
#.###.# #Y# ....
#.....# #@# #..#
#.._..# #.# ....
#.....# #.# #..#
###.### #.# #..#
#.# #.# #..# #.#
#.# #..#
#.######.# #<..
#........# #..#
########.# #...


You could see 3 death yaks.

Vanquished Creatures
  2 death yaks (D:8)
  Sigmund (D:4)
  2 sky beasts (D:7)
  An orc warrior (D:7)
  An ice beast (D:6)
  A necrophage (D:5)
  A phantom (D:4)
  3 ogres (D:4)
  A black bear (D:7)
  A centaur (D:6)
  A big kobold (D:7)
  A scorpion (D:4)
  A howler monkey (D:7)
  2 crimson imps (D:7)
  A quasit (D:6)
  The ghost of p0werm0de the Scratcher, a weakling FeCK of Xom (D:4)
  3 hounds
  3 orc priests
  A gnoll shaman (D:4)
  An orc wizard (D:4)
  A centaur skeleton (D:7)
  Natasha (D:3)
  A worker ant zombie (D:8)
  7 gnolls (D:4)
  A howler monkey skeleton (D:4)
  7 adders
  2 adder skeletons (D:4)
  2 worms
  A dart slug (D:2)
  5 leopard geckos
  16 orcs
  9 bats
  2 giant cockroaches
  11 goblins
  6 hobgoblins
  6 jackals
  A quokka (D:4)
  5 frilled lizards
  14 kobolds
  A leopard gecko skeleton (D:4)
  4 rats
132 creatures vanquished.

Vanquished Creatures (others)
  A wizard (D:8)
1 creature vanquished.

Grand Total: 133 creatures vanquished

Notes
Turn   | Place    | Note
-------+----------+-------------------------------------------
     0 | D:1      | Monsterracer the Hill Orc Berserker began the quest for the Orb.
     0 | D:1      | Reached XP level 1. HP: 19/19 MP: 1/1
    76 | D:1      | HP: 10/20 [goblin/club (1)]
   320 | D:1      | Reached XP level 2. HP: 21/27 MP: 2/2
   807 | D:1      | Reached XP level 3. HP: 33/33 MP: 3/3
   913 | D:2      | HP: 24/49 [worm (2)]
   914 | D:2      | Reached skill level 5 in Axes
  1060 | D:2      | Reached ** piety under Trog
  1261 | D:2      | Reached XP level 4. HP: 40/40 MP: 4/4
  2220 | D:3      | Found a shattered altar of Ashenzari.
  2476 | D:3      | Reached XP level 5. HP: 47/47 MP: 5/5
  2478 | D:3      | Reached skill level 6 in Axes
  2596 | D:3      | Noticed Natasha
  2600 | D:3      | Killed Natasha
  2747 | D:4      | Noticed Sigmund
  2752 | D:4      | Killed Sigmund
  2752 | D:4      | Reached skill level 5 in Fighting
  2752 | D:4      | Reached skill level 7 in Axes
  2752 | D:4      | Reached XP level 6. HP: 56/56 MP: 6/6
  2817 | D:4      | Reached *** piety under Trog
  3012 | D:4      | HP: 26/56 [ogre/giant club (12)]
  3014 | D:4      | Reached skill level 8 in Axes
  3014 | D:4      | Reached XP level 7. HP: 29/62 MP: 7/7
  3269 | D:4      | Noticed p0werm0de's ghost (weakling FeCK)
  3282 | D:4      | Killed p0werm0de's ghost
  3603 | D:4      | Reached skill level 9 in Axes
  3603 | D:4      | Reached skill level 5 in Armour
  3667 | D:4      | Reached XP level 8. HP: 71/71 MP: 8/8
  3739 | D:4      | Found a shadowy altar of Dithmenos.
  4217 | D:5      | Entered Level 5 of the Dungeon
  4346 | D:5      | Found a staircase to the Ecumenical Temple.
  4368 | D:5      | Found Jaij's Jewellery Shoppe.
  4645 | D:5      | Bought an uncursed ring of protection from magic for 250 gold pieces
  4691 | D:6      | Reached skill level 10 in Axes
  4818 | D:6      | HP: 36/73 [centaur (4)]
  5290 | D:7      | Found a burning altar of Makhleb.
  5307 | D:7      | Found a hide-covered altar of Uskayaw.
  5310 | D:7      | Found a snail-covered altar of Cheibriados.
  5345 | D:7      | Reached skill level 11 in Axes
  5345 | D:7      | Reached XP level 9. HP: 80/80 MP: 5/9
  5368 | D:7      | Gained mutation: You can translocate small distances at will. [mutagenic meat]
  5369 | D:7      | Gained mutation: You evolve. [mutagenic meat]
  5370 | D:7      | Gained mutation: You are partially covered in yellow scales. (AC +2) [mutagenic meat]
  5519 | D:7      | Received a gift from Trog
  5721 | D:7      | Reached **** piety under Trog
  5848 | D:8      | Found a bloodstained altar of Trog.
  5850 | D:8      | Noticed a wizard
  5855 | D:8      | Killed a wizard
  5909 | D:8      | Noticed a death yak
  5910 | D:8      | Noticed a death yak
  5910 | D:8      | Noticed a death yak
  5910 | D:8      | Noticed a death yak
  5910 | D:8      | Noticed a death yak
  5911 | D:8      | Noticed a death yak
  5933 | D:8      | Noticed a death yak
  5938 | D:8      | Killed a death yak
  5938 | D:8      | Reached skill level 12 in Axes
  5942 | D:8      | HP: 61/123 [death yak (16)]
  5948 | D:8      | Killed a death yak
  5952 | D:8      | HP: 18/83 [death yak (9)]
  5955 | D:8      | Slain by a death yak

Vault maps used:
D:1:      dpeg_arrival_fog
D:2:      first_bread
D:3:      evilmike_ruin_ashenzari, uniq_natasha
D:4:      kennysheep_mini, uniq_sigmund
D:5:      minmay_temple_entry_statues_fountains, serial_shops, shop
D:7:      gammafunk_temple_overflow_forgotten
D:8:      nicolae_gozag_cash_rules_everything_around_me, dpeg_lair_monsters,
          grunt_livestock, trog_wizard, uniq_grum

Skill      XL: |  1  2  3  4  5  6  7  8  9 |
---------------+----------------------------+-----
Fighting       | 4 5 6 7 9 |  9.0
Axes           | 5 7 8 9 11 12 | 12.7
Armour         | 3 4 5 6 7 |  7.7
Dodging        | |  1.5

Action                   |  1- 3 |  4- 6 |  7- 9 || total
-------------------------+-------+-------+-------++-------
Melee: Hand axe          |   105 |    98 |       ||   203
       War axe           |       |    33 |   130 ||   163
       Battleaxe         |       |       |    51 ||    51
Invok: Berserk           |     3 |     5 |     9 ||    17
  Use: Scroll            |       |     7 |    10 ||    17
  Eat: Chunk             |     3 |    11 |    18 ||    32
       Fruit             |       |       |     2 ||     2
Armor: Animal skin       |    26 |     4 |       ||    30
       Chain mail        |       |    66 |   102 ||   168
Dodge: Dodged            |   101 |    58 |    81 ||   240

Table legend:
 A = Spawn XP
 B = Non-spawn XP
 C = Spawn XP percentage of total XP
 D = Spawn monster count
 E = Non-spawn monster count
 F = Spawn count percentage of total count
 G = Total turns spent on level
                    A         B        C        D         E        F      G
               +---------+---------+-------+---------+---------+-------+---------
         Total |       0 |    4563 |   0.0 |       0 |     132 |   0.0 |  5955
               +---------+---------+-------+---------+---------+-------+---------
           D:1 |       0 |      35 |   0.0 |       0 |      21 |   0.0 |   874
           D:2 |       0 |      83 |   0.0 |       0 |      23 |   0.0 |  1152
           D:3 |       0 |     124 |   0.0 |       0 |      21 |   0.0 |   643
           D:4 |       0 |    1196 |   0.0 |       0 |      37 |   0.0 |  1548
           D:5 |       0 |     178 |   0.0 |       0 |       3 |   0.0 |   444
           D:6 |       0 |     288 |   0.0 |       0 |       3 |   0.0 |   522
           D:7 |       0 |     906 |   0.0 |       0 |      21 |   0.0 |   635
           D:8 |       0 |    1753 |   0.0 |       0 |       3 |   0.0 |   137
               +---------+---------+-------+---------+---------+-------+---------

Vault maps used:
D:1:      dpeg_arrival_fog
D:2:      first_bread
D:3:      evilmike_ruin_ashenzari, uniq_natasha
D:4:      kennysheep_mini, uniq_sigmund
D:5:      minmay_temple_entry_statues_fountains, serial_shops, shop
D:7:      gammafunk_temple_overflow_forgotten
D:8:      nicolae_gozag_cash_rules_everything_around_me, dpeg_lair_monsters,
          grunt_livestock, trog_wizard, uniq_grum
